 Dungeon Crawl Stone Soup version 0.27-a0-379-g34d631faf5 (webtiles) character file.

Game seed: 4211860102806656967

654012 CryoSword the Executioner (level 27, -10/260 HPs)
             Began as a Hill Orc Monk on June 6, 2020.
             Was the Champion of Beogh.
             Killed by drain life
             ... invoked by a soul eater
             ... led by Gotiq
              (14 damage)
             ... on level 1 of the Dungeon on Feb 17, 2021.
             The game lasted 05:07:40 (90376 turns).

CryoSword the Executioner (Hill Orc Monk)          Turns: 90376, Time: 05:07:41

Health: -10/260    AC: 30    Str: 34    XL:     27
Magic:  38/38      EV: 18    Int:  8    God:    Beogh [******]
Gold:   7788       SH: 36    Dex: 21    Spells: 23/26 levels left

rFire    + + .     SeeInvis .   a - +9 broad axe (vorpal)
rCold    + + .     Faith    .   R - +3 tower shield
rNeg     . . .     Spirit   .   F - +2 gold dragon scales
rPois    +         Reflect  +   (helmet restricted)
rElec    +         Harm     .   i - +1 cloak
rCorr    .         Rampage  .   n - +2 pair of gloves {Str+3}
Will     ++++.     Clarity  +   L - +0 pair of boots of the Fife {*Drain rC+ Will++}
Stlth    ..........             N - amulet "Fiary" {Reflect rElec Int-2 Dex+6 SH+5}
HPRegen  0.53/turn              C - ring of protection from fire
MPRegen  0.26/turn              e - +6 ring of strength {=R}

@: studying 2 skills
A: walk on water, antennae 1, talons 1, thin metallic scales 1, clarity,
deformed body
0: Orb of Zot
}: 4/15 runes: barnacled, slimy, silver, gossamer
a: Renounce Religion, Smiting, Recall Orcish Followers, Give Item to Named
Follower, Resurrection


You were on level 1 of the Dungeon.
You worshipped Beogh.
Beogh was exalted by your worship.
You visited 10 branches of the dungeon, and saw 54 of its levels.
You visited the Abyss 3 times.
You also visited: Bailey, Gauntlet and Ice Cave.

You collected 9399 gold pieces.
You spent 1611 gold pieces at shops.

Inventory:

Hand Weapons
 a - a +9 vorpal broad axe (weapon)
   (You took it off Maggie on level 6 of the Dungeon)
 V - a +5 demon trident of draining
   (You took it off a hell knight on level 5 of the Vaults)
Missiles
 u - 102 boomerangs
 A - 13 poisoned darts
 M - 21 curare-tipped darts
 S - 7 atropa-tipped darts
Armour
 i - a +1 cloak (worn)
   (You found it on level 2 of the Shoals)
 m - a +2 helmet
   (You took it off Robin on level 3 of the Dungeon)
 n - a +2 pair of gloves of strength (worn)
   (You found it in an ice cave)
 y - a +2 helmet of see invisible
   (You found it on level 3 of the Realm of Zot)
 F - +2 gold dragon scales (worn)
   (You found it on level 4 of the Depths)
 L - the +0 pair of boots of the Fife (worn) {*Drain rC+ Will++}
   (You found it on level 5 of the Pits of Slime)

   It protects you from cold.
   It affects your willpower, your defense against some magical effects.
   It causes draining when unequipped.
 R - a +3 tower shield (worn)
   (You found it on level 2 of the Shoals)
 U - +0 gold dragon scales
   (You found it on level 5 of the Vaults)
Jewellery
 b - a +4 ring of slaying
   (You found it on level 3 of the Lair of Beasts)
 e - a +6 ring of strength (right hand) {=R}
   (You bought it in a shop on level 3 of the Vaults)
 p - a ring of resist corrosion
   (You found it on level 5 of the Dungeon)
 v - a ring of protection from cold
   (You found it on level 3 of the Dungeon)
 C - a ring of protection from fire (left hand)
   (You found it on level 4 of the Spider Nest)
 N - the amulet "Fiary" (around neck) {Reflect rElec Int-2 Dex+6 SH+5}
   (You acquired it on level 2 of the Vaults)

   [amulet of reflection]

   It shields you and reflects attacks.
   It affects your intelligence (-2).
   It affects your dexterity (+6).
   It insulates you from electricity.
   It affects your SH (+5).
 O - the ring "Syzo Qer" {+Fly rPois Slay+2}
   (You took it off a deep elf zephyrmancer on level 5 of the Vaults)

   [ring of flight]

   It affects your accuracy and damage with ranged weapons and melee attacks
   (+2).
   It protects you from poison.
   It lets you fly.
 T - a ring of see invisible
   (You found it on level 14 of the Dungeon)
 Z - a ring of positive energy
   (You found it on level 15 of the Dungeon)
Wands
 h - a wand of mindburst (32)
   (You found it on level 2 of the Elven Halls)
 H - a wand of digging (25)
   (You found it on level 11 of the Dungeon)
 J - a wand of acid (39)
   (You found it on level 3 of the Lair of Beasts)
 K - a wand of paralysis (60)
   (You found it on level 2 of the Vaults)
Scrolls
 d - 9 scrolls of magic mapping
 j - 8 scrolls of fear
 l - 24 scrolls of teleportation {@r4}
 s - 2 scrolls of silence
 x - 2 scrolls of brand weapon
 z - 4 scrolls of blinking
 D - 16 scrolls of identify {@r1}
 E - 6 scrolls of fog
 G - a scroll of enchant weapon
 P - a scroll of summoning
 Q - 2 scrolls of holy word
Potions
 c - 3 potions of resistance
 f - 16 potions of curing {@q1}
 g - 2 potions of mutation {!q}
 k - 4 potions of berserk rage
 r - 2 potions of might
 t - 6 potions of flight
 w - 2 potions of invisibility
 B - 3 potions of cancellation
 I - 2 potions of haste {@q3}
 Y - 7 potions of ambrosia
Miscellaneous
 o - a phantom mirror
   (You found it on level 5 of the Lair of Beasts)


   Skills:
 * Level 23.7 Fighting
 * Level 26.5 Axes
 - Level 20.9 Armour
 - Level 14.0 Dodging
 - Level 5.0 Stealth
 - Level 25.0 Shields
 - Level 10.0 Translocations
 - Level 23.9 Invocations
 - Level 3.7 Evocations


You had 23 spell levels left.
You knew the following spells:

 Your Spells              Type           Power        Failure   Level
a - Blink                 Tloc           N/A          8%          2
b - Apportation           Tloc           32%          5%          1

Your spell library contained the following spells:

 Spells                   Type           Power        Failure   Level
 Lesser Beckoning         Tloc           8%           16%         3
 Teleport Other           Tloc           16%          16%         3
 Portal Projectile        Hex/Tloc       16%          77%         3
 Animate Skeleton         Necr           0%           97%         1
 Beastly Appendage        Tmut           0%           97%         1
 Corona                   Hex            0%           97%         1
 Foxfire                  Conj/Fire      0%           97%         1
 Freeze                   Ice            0%           97%         1
 Magic Dart               Conj           0%           97%         1
 Pain                     Necr           0%           97%         1
 Sandblast                Erth           0%           97%         1
 Sting                    Tmut/Pois      0%           97%         1
 Summon Small Mammal      Summ           0%           97%         1
 Call Imp                 Summ           0%           99%         2
 Corpse Rot               Necr/Air       N/A          99%         2
 Ensorcelled Hibernation  Hex/Ice        0%           99%         2
 Passwall                 Tmut/Erth      0%           99%         2
 Poisonous Vapours        Pois/Air       0%           99%         2
 Slow                     Hex            0%           99%         2
 Sublimation of Blood     Necr           0%           99%         2
 Wereblood                Tmut           0%           99%         2
 Call Canine Familiar     Summ           0%           100%        3
 Conjure Flame            Conj/Fire      0%           100%        3
 Ignite Poison            Fire/Tmut/Pois 0%           100%        3
 Inner Flame              Hex/Fire       0%           100%        3
 Mephitic Cloud           Conj/Pois/Air  0%           100%        3
 Spider Form              Tmut/Pois      0%           100%        3
 Stone Arrow              Conj/Erth      0%           100%        3
 Summon Guardian Golem    Hex/Summ       0%           100%        3
 Vampiric Draining        Necr           0%           100%        3
 Animate Armour           Summ/Erth      0%           100%        4
 Animate Dead             Necr           0%           100%        4
 Cause Fear               Hex            0%           100%        4
 Dispel Undead            Necr           0%           100%        4
 Hailstorm                Conj/Ice       0%           100%        4
 Ice Form                 Ice/Tmut       0%           100%        4
 Leda's Liquefaction      Hex/Erth       0%           100%        4
 Olgreb's Toxic Radiance  Pois           0%           100%        4
 Petrify                  Tmut/Erth      0%           100%        4
 Sticky Flame             Conj/Fire      0%           100%        4
 Summon Ice Beast         Ice/Summ       0%           100%        4
 Summon Lightning Spire   Summ/Air       0%           100%        4
 Agony                    Necr           0%           100%        5
 Alistair's Intoxication  Tmut/Pois      0%           100%        5
 Blade Hands              Tmut           0%           100%        5
 Bolt of Magma            Conj/Fire/Erth 0%           100%        5
 Borgnjor's Vile Clutch   Necr/Erth      0%           100%        5
 Fireball                 Conj/Fire      0%           100%        5
 Irradiate                Conj/Tmut      0%           100%        5
 Iskenderun's Battlesphe  Conj           0%           100%        5
 Lee's Rapid Deconstruct  Erth           0%           100%        5
 Metabolic Englaciation   Hex/Ice        0%           100%        5
 Yara's Violent Unravell  Hex/Tmut       0%           100%        5
 Death Channel            Necr           0%           100%        6
 Eringya's Noxious Bog    Tmut/Pois      0%           100%        6
 Freezing Cloud           Conj/Ice/Air   0%           100%        6
 Hydra Form               Tmut           0%           100%        6
 Iron Shot                Conj/Erth      0%           100%        6
 Simulacrum               Ice/Necr       0%           100%        6
 Starburst                Conj/Fire      0%           100%        6
 Statue Form              Tmut/Erth      0%           100%        6
 Dragon Form              Tmut           0%           100%        7
 Orb of Destruction       Conj           0%           100%        7
 Ozocubu's Refrigeration  Ice            0%           100%        7
 Spellforged Servitor     Conj/Summ      0%           100%        7
 Summon Hydra             Summ           0%           100%        7
 Ignition                 Fire           0%           100%        8
 Shatter                  Erth           0%           100%        9


Dungeon Overview and Level Annotations

Branches:
Dungeon (15/15)            Temple (0/1) D:6            Lair (6/6) D:8
 Shoals (4/4) Lair:2       Spider (4/4) Lair:2        Slime (5/5) Lair:6
    Orc (2/2) D:12            Elf (3/3) Orc:2        Vaults (5/5) D:13
  Crypt (0/3) Vaults:3     Depths (5/5) D:15            Zot (5/5) Depths:5
 Bailey (visited)           IceCv (visited)         Gauntlet (visited)

Altars:
Elyvilon
Fedhas
Hepliaklqana
Nemelex Xobeh
Qazlal
Sif Muna
Trog
Uskayaw
Vehumet
Wu Jian
Xom
Yredelemnul
Zin
Beogh
Jiyva

Shops:
D:14 x   Orc:2 ::**   Elf:2 [   Elf:3 :   Vaults:3 (==*

Portals:
Hell: Depths:1 Depths:2 Depths:3 Depths:4 Depths:5
Abyss: Depths:2 Depths:4 Depths:5
Pandemonium: Depths:1 Depths:3
Ziggurat: Depths:4
Trove: D:10 (give +7 demon whip)

Annotations:
D:13 1 transporter
Shoals:4 Polyphemus
Elf:2 1 runed translucent door
Zot:5 1 exclusion


Innate Abilities, Weirdness & Mutations

You can walk on water.
You have a pair of small antennae on your head.
You have sharp toenails.
You are partially covered in thin metallic scales. (AC +2)
You possess an exceptional clarity of mind.
Armour fits poorly on your strangely shaped body.


Message History

You closely miss the sun demon. You block the sun demon's attack.
You slash the sun demon! You block the sun demon's attack.
You barely miss the sun demon. You slice the sun demon!!
You kill the sun demon!
Beogh accepts your kill. Beogh blesses you with reinforcements.
A green death comes into view.
There is a stone staircase leading up here.
The green death gestures at you. The poison arrow misses you.
The green death gestures at you. The bolt of poison hits your orc!!
Your orc is poisoned.
Your orc dies!
The bolt of poison hits you! You resist.
Your orc priest calls down the wrath of Beogh upon the green death.
The green death is smitten.
Your orc knight hits the green death with a +0 broad axe!
Things that are here:
a +0 trident; a +0 chain mail You swap places.
You block the green death's attack.
You slash the green death! You block the green death's attack.
You closely miss the green death.
Your orc priest hits the green death with a +0 dagger.
Your orc knight hits the green death with a +0 broad axe!
You slash the green death!
You kill the green death!
Beogh accepts your kill.
Your orc priest looks more experienced.
Things that are here:
a +0 trident; a +0 chain mail
There is a stone staircase leading up here.
You start resting.
A red devil comes into view. It is wielding a +0 trident.
You swap places.
You slice the red devil like a ripe choko!!!
You kill the red devil!
Beogh accepts your kill.
Your orc priest looks more experienced.
You see here a +0 trident.
You swap places.
There is a stone staircase leading up here.
You start resting.
A hellion comes into view.
You climb upwards.
There is a stone staircase leading down here.
Please select a direction to dig.
A stone staircase leading down.
This square is covered in magical glow.
The rock shatters into small pieces.
Things that are here:
a +0 robe; a +0 dagger
There is a stone staircase leading up here.
You start resting.
A soul eater comes into view.
Your orc knight says, "Don't worry.
I'm here with you."
The soul eater draws from the surrounding life force!
Your orc priest and your orc knight are drained of life.
A torturous demonspawn comes into view. It is wielding a +0 long sword.
The soul eater draws from the surrounding life force!
Your orc priest and your orc knight are drained of life.
Your orc priest dies!
You climb upwards.
There is a stone staircase leading down here.
You swap places.
There is a stone staircase leading up here.
You climb upwards.
There is a stone staircase leading down here.
You swap places.
A red devil comes into view.
It is wielding a +2 antimagic demon trident.
You block the red devil's attack.
Your gold dragon scales prevents you from hitting the red devil.
You block the red devil's attack.
Your orc knight completely misses the red devil.
You slash the red devil!
The red devil hops backward while attacking.
You block the red devil's attack.
There is an open door here.
You slice the red devil!!
You kill the red devil!
Beogh accepts your kill.
You see here a +2 antimagic demon trident.
You swap places.
There is an open door here.
There is an open door here.
There is a stone staircase leading up here.
You start resting.
A Hell Sentinel comes into view.
You climb upwards.
There is a stone staircase leading down here.
An ogre is nearby!
The ogre shouts!
There is a stone staircase leading up here.
The ogre closely misses your orc knight.
You climb upwards.
There is a stone staircase leading down, spattered with blood here.
Please select a direction to dig.
A stone staircase leading down, spattered with blood.
This square is covered in magical glow.
The rock shatters into small pieces.
There is a stone staircase leading up, spattered with blood here.
You climb upwards.
There is a stone staircase leading down here.
There is a stone staircase leading down here.
A sun demon comes into view.
There is a stone staircase leading up here.
You climb upwards.
There is a stone staircase leading down here.
Gotiq comes into view. It is armed with a chaotic touch.
A soul eater and a Brimstone Fiend come into view.
The Brimstone Fiend roars!
You swap places.
Gotiq conjures an orb of pure magic.
An orb of destruction comes into view.
Gotiq gestures.
Gotiq seems to speed up.
Gotiq enters a dispersal trap!
The soul eater blinks!
Your orc knight blinks!
The soul eater blinks!
You blink.
Gotiq blinks!
Unknown command.
Gotiq calls on the powers of darkness!
Your body is wracked with pain!
Your orc knight convulses!
You block Gotiq's attack. You block the soul eater's attack.
The Brimstone Fiend calls on the powers of darkness!
Your orc knight convulses!
Your body is wracked with pain!
* * * LOW HITPOINT WARNING * * *
Gotiq calls on the powers of darkness!
Your body is wracked with pain!
* * * LOW HITPOINT WARNING * * *
Your orc knight convulses!
The soul eater hits you but does no damage.
Gotiq hits you!!
* * * LOW HITPOINT WARNING * * *
The Brimstone Fiend enters a dispersal trap!
Your orc knight blinks!
The soul eater blinks!
Gotiq blinks! x2; The soul eater blinks! x2
You blink.
The Brimstone Fiend blinks!
You block the soul eater's attack.
Gotiq calls on the powers of darkness!
Your orc knight convulses!
Your body is wracked with pain!
* * * LOW HITPOINT WARNING * * *
Okay, then.
Blink to where?
As you read the scroll of blinking, it crumbles to dust.
The soul eater draws from the surrounding life force!
You die...

.....#
#..##...#)#####
.....#
##.##.........#
.....#
#..###.......#
#....# ##.#
#.......# #....#
#.###.......#
#....#
#..##.......#
######
##.####....## #
#######.## #....#
#
#...@....###....#
#
#..........#....#
#..........#....#
#######....#....#
#...§...###
###### #.......#
.....#####
#1.3...§#
.....#...#
########...§...#
.....#...#
#.....§..[.....#


You could see a soul eater.

Vanquished Creatures
  the Royal Jelly (Slime:5)
  7 orbs of fire
  4 ancient liches
  Sojobo (Vaults:3)
  5 Killer Klowns (Zot:5)
  3 curse toes
  A caustic shrike (Depths:3)
  4 golden dragons
  2 electric golems (Zot:5)
  2 liches
  2 tentacled monstrosities
  An Ice Fiend (IceCv)
  A Tzitzimitl (Zot:4)
  22 Orb Guardians
  2 Hell Sentinels
  Asterion (Vaults:3)
  A deep elf blademaster (Elf:3)
  2 deep elf master archers (Elf:3)
  3 titans
  11 acid blobs
  Gastronok (D:10)
  4 death cobs
  8 tentacled starspawn
  2 sphinxes
  A quicksilver dragon (Zot:5)
  6 shadow dragons
  10 storm dragons
  Agnes (Elf:2)
  4 azure jellies
  Roxanne (Shoals:2)
  A revenant (Abyss:1)
  Donald (Shoals:1)
  4 fire giants
  2 draconian monks
  6 deep elf sorcerers
  5 tengu reavers
  A cacodemon (D:9)
  9 vault wardens (Vaults:5)
  7 frost giants
  5 ghost moths
  An iron dragon (Vaults:5)
  An emperor scorpion (Spider:4)
  4 deep elf elementalists (Elf:3)
  2 draconian shifters
  2 draconian stormcallers
  7 ironheart preservers
  2 war gargoyles
  A juggernaut skeleton (D:15)
  A draconian annihilator (Zot:3)
  2 spriggan defenders
  12 stone giants
  The ghost of kelmiir the Tortoise, a journeyman MiMo of the Shining One (D:12)
  15 very ugly things
  2 ophanim (Abyss:1)
  The ghost of Fopaha Niyl the Slicer, a journeyman GrFi of Okawaru (Lair:5)
  3 deep elf demonologists (Elf:3)
  A lorocyproca (Abyss:1)
  6 black draconians
  3 vampire knights
  2 yellow draconians (Zot:1)
  4 green draconians
  2 entropy weavers
  5 white draconians
  8 deep elf annihilators
  A minotaur (Gauntlet)
  2 purple draconians
  A spark wasp (shapeshifter) (Vaults:4)
  7 red draconians
  10 deep elf death magi
  Josephine (D:11)
  13 ettins
  2 merfolk javelineers (Shoals:4)
  2 green deaths
  6 death oozes
  6 fire dragons
  A merfolk impaler (Shoals:2)
  A deep elf high priest (Elf:3)
  9 ogre magi
  7 great orbs of eyes
  8 yaktaur captains
  6 hydras
  4 ice dragons
  A boulder beetle (shapeshifter) (Vaults:5)
  A rakshasa (Depths:3)
  26 vault guards
  2 boulder beetles (Vaults:4)
  A merfolk avatar (Shoals:2)
  A catoblepas (Lair:6)
  A queen ant (shapeshifter) (Elf:1)
  9 centaur warriors
  22 dancing weapons
  4 satyrs
  2 death scarabs (Spider:4)
  A two-headed ogre (shapeshifter) (Elf:1)
  24 two-headed ogres
  6 deep troll shamans
  4 merfolk aquamancers
  A death yak (shapeshifter) (Elf:1)
  3 vampire magi
  4 tengu warriors
  6 deep troll earth magi
  A queen ant (Spider:3)
  3 thrashing horrors
  A spriggan berserker (Depths:4)
  2 iron trolls
  3 sun demons
  9 hell knights
  8 wretched stars
  A fire crab (Lair:5)
  2 shadow wraiths
  11 deep elf knights
  6 sixfirhies
  3 skeletal warriors
  21 deep trolls
  7 glowing orange brains
  3 sea snakes
  7 unseen horrors
  A torturous demonspawn (Zot:3)
  A spatial maelstrom (Abyss:1)
  2 shadow demons
  11 deep elf archers
  2 flayed ghosts
  3 wizards
  Pikel (D:4)
  A phantasmal warrior (Vaults:5)
  A lindwurm (Lair:6)
  5 orc knights
  An orange crystal statue (Gauntlet)
  10 harpies
  9 orb spiders
  An orc sorcerer (Vaults:4)
  An iron dragon zombie (Depths:2)
  19 large abominations
  5 ironbrand convokers
  17 wolf spiders
  3 oklob plants
  23 deep elf pyromancers
  A mana viper (Abyss:1)
  A harpy (shapeshifter) (Vaults:4)
  4 necromancers
  22 deep elf zephyrmancers
  27 ugly things
  A mana viper (shapeshifter) (Elf:1)
  A will-o-the-wisp (Abyss:1)
  A salamander (Depths:4)
  2 cyclopes
  8 fauns
  9 manticores
  A spectral centaur (D:12)
  13 moths of wrath
  3 shining eyes
  3 worldbinders
  2 rust devils
  An eye of devastation (Slime:5)
  A frost giant skeleton (Vaults:3)
  4 black mambas
  10 vault sentinels
  3 merfolk sirens
  3 apocalypse crabs (Elf:1)
  4 orange demons
  7 smoke demons
  4 torpor snails (Lair:6)
  3 water nymphs
  7 cane toads
  2 gargoyles
  Maggie (D:6)
  A hellion (Zot:2)
  5 ice devils (IceCv)
  A kobold demonologist (D:15)
  A minotaur zombie (Gauntlet)
  3 rime drakes
  2 tormentors (D:10)
  4 freezing wraiths
  5 komodo dragons
  6 demonic crawlers
  2 golden dragon simulacra (IceCv)
  2 anaconda simulacra (IceCv)
  5 ancient zymes (Abyss:1)
  39 yaktaurs
  10 hellwings
  7 merfolk
  2 trolls
  3 red devils
  23 jumping spiders
  A meliai (shapeshifter) (Abyss:1)
  4 spectral tarantellas (Spider:4)
  2 spectral jumping spiders (Spider:4)
  4 hornets
  3 tyrant leeches (Lair:6)
  A wolf spider simulacrum (D:12)
  83 slime creatures
  2 wind drakes (Shoals:4)
  28 raiju
  2 jumping spider zombies (Spider:4)
  6 removed hippogriffs
  5 snapping turtles
  11 blink frogs
  2 air elementals
  A meliai zombie (D:12)
  A ghost (D:12)
  2 wyverns
  A centaur simulacrum (D:12)
  35 redbacks
  2 flying skulls (Abyss:2)
  Sigmund (D:4)
  10 water elementals
  15 tarantellas
  2 vampires
  8 ynoxinuls
  A spriggan (D:7)
  A tarantella (shapeshifter) (Abyss:1)
  4 wraiths
  19 yaks
  2 dire elephant simulacra (IceCv)
  A human (shapeshifter) (Vaults:5)
  3 fire bats (Abyss:1)
  A yak (shapeshifter) (Vaults:4)
  4 golden eyes
  A removed hungry ghost (D:9)
  16 small abominations
  2 death yak simulacra (IceCv)
  3 basilisks
  4 neqoxecs
  2 vampire mosquitoes (D:10)
  2 human simulacra
  A steam dragon (D:8)
  5 chaos spawn
  2 harpy simulacra (IceCv)
  5 wargs
  An acid dragon (D:13)
  3 iron troll simulacra (IceCv)
  13 water moccasins
  A spatial vortex (Abyss:1)
  A hell hound (Depths:4)
  A soldier ant (Spider:3)
  2 hydra simulacra (IceCv)
  4 removed porcupines
  2 cane toad skeletons (Abyss:1)
  A meliai simulacrum (D:12)
  4 ice beasts
  9 orc warriors
  A removed slave (D:4)
  4 sky beasts
  3 black bears (shapeshifter)
  2 black bears
  35 starcursed masses
  15 boggarts
  An alligator simulacrum (IceCv)
  22 ogres
  7 eyes of draining
  A phantom (D:3)
  A hornet zombie (Spider:4)
  An orc skeleton (Vaults:1)
  24 centaurs
  6 wolves
  8 removed crocodiles
  6 kobold brigands
  5 bullfrogs
  3 earth elementals
  A gnoll sergeant (D:8)
  2 scorpions (D:4)
  A hornet simulacrum (D:15)
  2 killer bees (D:11)
  11 wights
  An electric eel (Lair:1)
  2 centaur zombies
  4 crimson imps
  3 bullfrog zombies
  3 quasits
  A draconian simulacrum (IceCv)
  8 jellies
  2 hounds
  6 orc priests
  4 bullfrog skeletons
  7 orc wizards
  5 iron imps
  5 iguanas
  14 worker ants
  A spriggan simulacrum (IceCv)
  3 troll simulacra (IceCv)
  A wolf simulacrum (IceCv)
  A hound zombie (D:7)
  A hound skeleton (D:4)
  Robin (D:3)
  A worker ant zombie (D:11)
  18 adders
  3 gnolls (D:8)
  An ogre simulacrum (IceCv)
  A naga simulacrum (IceCv)
  3 shadow imps
  8 white imps
  14 ufetubi
  2 oozes (D:7)
  2 dart slugs
  8 leopard geckos
  24 orcs
  6 bats
  8 giant cockroaches
  29 goblins
  13 hobgoblins
  5 jackals
  2 quokkas
  A ball python (D:1)
  10 frilled lizards
  31 kobolds
  5 rats
  7 fungi
  A lurking horror (Abyss:1)
  5 plants
  7 starspawn tentacles
1727 creatures vanquished.

Vanquished Creatures (collateral kills)
  An orb of fire (Zot:5)
  A dread lich (Vaults:5)
  A juggernaut (Depths:3)
  A Killer Klown (Zot:5)
  2 caustic shrikes
  4 golden dragons
  Arachne (Spider:4)
  An electric golem (Zot:2)
  A hellephant (Elf:1)
  10 tentacled monstrosities
  Rupert (Vaults:3)
  Jorgrun (Orc:1)
  A lich (Depths:3)
  4 quicksilver dragons
  7 Orb Guardians (Zot:5)
  A deep elf blademaster (Elf:3)
  A titan (Vaults:5)
  10 acid blobs (Slime:5)
  5 death cobs
  3 sphinxes
  An ancient champion (Vaults:3)
  The ghost of ReteAZ the Warrior, an adept HuIE of Ashenzari (Shoals:3)
  2 draconian monks
  4 storm dragons
  8 shadow dragons
  4 tengu reavers
  6 fire giants
  An azure jelly (Slime:4)
  A deep elf sorcerer (Vaults:4)
  13 vault wardens
  5 emperor scorpions (Spider:4)
  A cacodemon (Depths:1)
  An orc warlord (Vaults:5)
  3 frost giants
  A balrug (Depths:4)
  A ghost moth (Spider:4)
  3 draconian shifters
  2 draconian scorchers (Zot:5)
  Louise (Depths:5)
  12 ironheart preservers
  Aizul (Shoals:1)
  A caustic shrike skeleton (Depths:3)
  21 stone giants
  14 very ugly things
  The ghost of Acosmix the Slicer, a journeyman GrFi of Okawaru (Lair:5)
  The ghost of Fopaha Niyl the Slicer, a journeyman GrFi of Okawaru (Lair:5)
  2 spriggan defenders
  Nessos (D:13)
  A vampire knight (Depths:3)
  6 deep elf demonologists
  6 entropy weavers
  2 green draconians
  3 black draconians (Zot:5)
  7 white draconians
  2 yellow draconians (Zot:5)
  2 purple draconians
  A merfolk javelineer (Shoals:4)
  A spark wasp (Spider:4)
  A red draconian (Zot:1)
  A merfolk impaler (Shoals:3)
  A deep elf death mage (Elf:3)
  4 fire dragons
  11 ettins
  2 death oozes (Slime:5)
  7 yaktaur captains
  3 deep elf high priests
  A quicksilver dragon zombie (D:15)
  A great orb of eyes (shapeshifter) (Elf:2)
  6 great orbs of eyes
  16 vault guards
  6 rakshasas
  A hell beast (Depths:5)
  An ice dragon (shapeshifter) (Elf:1)
  4 boulder beetles
  3 hydras
  5 ogre magi
  Harold (Lair:2)
  6 ice dragons
  A catoblepas (Lair:6)
  4 alligator snapping turtles
  A death knight (D:15)
  9 deep troll shamans
  14 dancing weapons
  20 two-headed ogres
  4 merfolk aquamancers
  9 centaur warriors
  3 tengu warriors
  6 death scarabs (Spider:4)
  A vampire mage (Depths:4)
  7 deep troll earth magi
  2 spriggan berserkers
  6 hell knights
  7 deep elf knights
  A fire crab (shapeshifter) (Vaults:4)
  Nergalle (Lair:1)
  A golden dragon zombie (D:15)
  A wretched star (Abyss:1)
  5 iron trolls
  A sea snake (Shoals:1)
  A shadow wraith (Vaults:4)
  An unseen horror (Vaults:1)
  20 deep trolls
  3 skeletal warriors
  4 phantasmal warriors
  A flayed ghost (Vaults:4)
  9 deep elf archers
  2 large abominations
  14 harpies
  A wizard (Depths:4)
  8 orb spiders
  7 ironbrand convokers
  10 deep elf pyromancers
  A sphinx zombie (D:15)
  A harpy (shapeshifter) (Depths:4)
  A lindwurm (Lair:6)
  5 necromancers
  5 spectral wolf spiders
  5 manticores
  4 orc knights
  2 shining eyes (Slime:4)
  A human zombie (Vaults:1)
  A faun (shapeshifter) (Vaults:5)
  18 deep elf zephyrmancers
  24 ugly things
  A shining eye (shapeshifter) (Vaults:5)
  3 fire giant zombies
  An oklob plant (Lair:1)
  A wolf spider (shapeshifter) (Depths:3)
  2 fauns
  An orc sorcerer (Orc:2)
  3 cyclopes
  A fire giant skeleton (Depths:2)
  16 wolf spiders
  2 frost giant skeletons
  2 merfolk sirens
  A spectral centaur (D:12)
  7 moths of wrath
  2 centaur zombies
  A stone giant skeleton (Vaults:3)
  A water nymph (shapeshifter) (Depths:5)
  An elephant (shapeshifter) (Vaults:5)
  8 vault sentinels
  3 water nymphs
  2 torpor snails (Lair:6)
  A black mamba (shapeshifter) (Depths:3)
  A black mamba (Lair:6)
  A rust devil (Depths:1)
  2 cane toads (shapeshifter)
  2 cane toads
  An efreet (Abyss:1)
  2 centaur skeletons
  2 komodo dragons
  3 spectral redbacks (Spider:4)
  The ghost of MarredHen the Caller, a novice TeSu of Makhleb (D:6)
  24 yaktaurs
  A redback zombie (D:12)
  An ice devil (IceCv)
  A spriggan skeleton (Depths:2)
  3 freezing wraiths
  A hellwing (Depths:1)
  13 demonic crawlers
  3 trolls
  2 tengu conjurers
  6 merfolk
  2 ghosts (D:14)
  A wind drake (shapeshifter) (Vaults:4)
  A wind drake (Shoals:1)
  25 jumping spiders
  3 spectral tarantellas (Spider:4)
  A tyrant leech (Lair:6)
  6 hornets
  4 dream sheep (Shoals:4)
  12 slime creatures
  A blink frog (shapeshifter) (D:15)
  9 blink frogs
  3 removed hippogriffs
  A jumping spider zombie (Spider:4)
  A snapping turtle (Shoals:2)
  An ettin skeleton (Depths:2)
  3 wraiths
  2 air elementals
  2 shadows (D:13)
  30 redbacks
  20 tarantellas
  13 water elementals
  9 yaks
  A vampire (D:11)
  3 basilisks
  A fire elemental (Elf:2)
  A dire elephant simulacrum (IceCv)
  A golden eye (Slime:5)
  A steam dragon (Lair:2)
  A death yak simulacrum (IceCv)
  4 vampire mosquitoes (D:13)
  7 wargs
  A harpy simulacrum (IceCv)
  2 soldier ants (shapeshifter)
  7 water moccasins
  2 acid dragons (Vaults:1)
  15 soldier ants (Spider:3)
  A removed porcupine (Lair:1)
  2 floating eyes
  18 orc warriors
  5 ice beasts
  2 phantoms
  2 boggarts
  2 eyes of draining
  15 ogres
  15 centaurs
  2 removed crocodiles
  8 kobold brigands
  3 bullfrogs
  A water moccasin zombie (D:11)
  A scorpion (D:13)
  2 killer bees
  2 wights (D:15)
  3 crimson imps
  A jelly (D:14)
  4 starcursed masses (Abyss:1)
  An iron imp (Depths:1)
  4 orc priests
  A bullfrog skeleton (D:13)
  An iguana (D:14)
  2 orc wizards
  8 worker ants (Spider:3)
  An adder (D:9)
  2 shadow imps
  A white imp (IceCv)
  26 orcs
  A goblin (Orc:1)
  4 kobolds
  5 fungi
  A plant (Lair:6)
  A withered plant (D:15)
1010 creatures vanquished.

Vanquished Creatures (others)
  Saint Roka (Vaults:3)
  A tentacled monstrosity (Zot:5)
  A fire giant (Depths:2)
  8 orc warlords
  A draconian knight (Depths:5)
  A draconian shifter (Zot:5)
  A yellow draconian (Zot:5)
  A merfolk impaler (Shoals:4)
  An ogre mage (Vaults:3)
  An orc high priest (Lair:2)
  3 orc sorcerers
  A titan skeleton (Depths:1)
  An unseen horror (D:11)
  23 orc knights
  45 orc warriors
  3 deep elf pyromancers
  A harpy (Vaults:2)
  A deep elf zephyrmancer (Elf:1)
  A necromancer (Depths:1)
  A naga (Zot:5)
  A sphinx skeleton (Depths:1)
  An ice dragon skeleton (Depths:1)
  A tarantella (Spider:1)
  An elf simulacrum (Depths:1)
  A large abomination (Zot:4)
  16 orc wizards
  A removed slave (D:4)
  2 ogres
  A bullfrog (D:11)
  A scorpion (D:4)
  17 orc priests
  A worker ant (D:4)
  A white imp (Abyss:1)
  62 orcs
  4 foxfires (Abyss:1)
  9 fungi
  100 plants
  16 starspawn tentacles
  7 toadstools (D:7)
  14 withered plants
354 creatures vanquished.

Grand Total: 3091 creatures vanquished

Notes
Turn   | Place    | Note
-------+----------+-------------------------------------------
     0 | D:1      | CryoSword the Hill Orc Monk began the quest for the Orb.
     0 | D:1      | Reached XP level 1. HP: 19/19 MP: 1/1
   176 | D:1      | Reached XP level 2. HP: 14/27 MP: 2/2
   604 | D:1      | Reached skill level 5 in Axes
   696 | D:1      | Reached XP level 3. HP: 33/33 MP: 3/3
   729 | D:1      | You fall into a shaft and drop 1 floor!
   864 | D:2      | Reached XP level 4. HP: 30/41 MP: 4/4
  1655 | D:2      | Found a bloodstained altar of Trog.
  1705 | D:1      | Reached skill level 6 in Axes
  2566 | D:3      | Reached XP level 5. HP: 46/47 MP: 5/5
  2583 | D:3      | Noticed Robin
  2603 | D:3      | Killed Robin
  2832 | D:3      | Found a glowing silver altar of Zin.
  2856 | D:3      | Noticed an ogre
  2857 | D:3      | Reached skill level 5 in Fighting
  3113 | D:3      | Killed an ogre
  3113 | D:3      | Reached skill level 7 in Axes
  3113 | D:3      | Reached XP level 6. HP: 56/56 MP: 6/6
  3535 | D:3      | Found a basalt altar of Yredelemnul.
  3784 | D:3      | Found an ornate altar of the Wu Jian Council.
  3817 | D:4      | Reached skill level 8 in Axes
  3834 | D:4      | Found a radiant altar of Vehumet.
  3927 | D:4      | HP: 1/57 [ogre/+0 giant club (24)]
  3974 | D:4      | HP: 2/57 [ogre/+0 giant club (8)]
  4294 | D:4      | Noticed a phantom
  4417 | D:3      | Killed a phantom
  4417 | D:3      | Reached XP level 7. HP: 14/63 MP: 7/7
  4758 | D:4      | Reached skill level 9 in Axes
  4820 | D:4      | Found a white marble altar of Elyvilon.
  5063 | D:4      | Noticed Sigmund
  5087 | D:4      | Killed Sigmund
  5381 | D:4      | Reached skill level 10 in Axes
  5475 | D:4      | Noticed Pikel
  5508 | D:4      | Killed Pikel
  5508 | D:4      | Reached skill level 11 in Axes
  5508 | D:4      | Reached XP level 8. HP: 17/74 MP: 8/8
  5936 | D:5      | Entered Level 5 of the Dungeon
  6217 | D:4      | Reached skill level 1 in Armour
  6645 | D:5      | Reached XP level 9. HP: 28/82 MP: 9/9
  6929 | D:5      | Became a worshipper of Beogh the Brigand
  6929 | D:5      | Reached * piety under Beogh
  6929 | D:5      | Reached ** piety under Beogh
  6940 | D:5      | Reached skill level 12 in Axes
  7700 | D:6      | Found a staircase to the Ecumenical Temple.
  7725 | D:6      | Reached skill level 1 in Invocations
  7849 | D:6      | Found a runed translucent gate.
  7850 | D:6      | Found a runed translucent gate.
  7850 | D:6      | Noticed MarredHen's ghost (novice TeSu)
  7855 | D:6      | Found a runed translucent gate.
  7885 | D:6      | Found a stormy altar of Qazlal.
  8187 | D:6      | Noticed Maggie
  8215 | D:6      | Killed Maggie
  8566 | D:7      | Found a hide-covered altar of Uskayaw.
  8566 | D:7      | Noticed a +0 hand axe
  8566 | D:7      | Noticed a +0 dagger
  8678 | D:7      | Reached skill level 13 in Axes
  9245 | D:7      | Reached *** piety under Beogh
  9245 | D:7      | Reached XP level 10. HP: 91/91 MP: 13/13
  9491 | D:7      | Reached skill level 5 in Armour
  9491 | D:7      | Reached skill level 5 in Invocations
  9974 | D:8      | Reached skill level 10 in Fighting
  9974 | D:8      | Reached skill level 14 in Axes
 10398 | D:8      | Noticed a two-headed ogre
 10405 | D:8      | Killed a two-headed ogre
 10450 | D:8      | Noticed a two-headed ogre
 10459 | D:8      | Killed a two-headed ogre
 10579 | D:8      | Reached XP level 11. HP: 101/101 MP: 15/15
 10608 | D:8      | Reached **** piety under Beogh
 10681 | D:8      | Found a staircase to the Lair.
 10820 | D:8      | Found a hazy altar of Hepliaklqana.
 10997 | D:8      | Learned a level 2 spell: Blink
 11134 | D:9      | Found a sparkling altar of Nemelex Xobeh.
 11179 | D:9      | Reached skill level 15 in Axes
 11180 | D:9      | Found a shimmering blue altar of Sif Muna.
 11268 | D:9      | Found a shimmering altar of Xom.
 11887 | D:10     | Entered Level 10 of the Dungeon
 11966 | D:10     | Noticed Gastronok
 11977 | D:10     | Killed Gastronok
 12013 | D:10     | Gained Orbeogh as an ally
 12096 | D:10     | Found a portal to a secret trove of treasure.
 12147 | D:10     | Noticed a two-headed ogre
 12153 | D:10     | Killed a two-headed ogre
 13030 | Lair:1   | Entered Level 1 of the Lair of Beasts
 13055 | Lair:1   | Noticed a six-headed hydra
 13064 | Lair:1   | Killed a six-headed hydra
 13276 | Lair:1   | Noticed a six-headed hydra
 13284 | Lair:1   | Killed a six-headed hydra
 13284 | Lair:1   | Reached skill level 16 in Axes
 13291 | Lair:1   | Reached XP level 12. HP: 113/113 MP: 12/18
 13331 | Lair:1   | You fall into a shaft and drop 1 floor!
 13446 | Lair:1   | Reached skill level 5 in Dodging
 13984 | Lair:1   | Noticed Nergalle
 13992 | Lair:1   | Killed Nergalle
 14378 | Lair:2   | Found a hole to the Spider Nest.
 14506 | Lair:2   | Found a staircase to the Shoals.
 14635 | Lair:2   | Noticed Harold
 14658 | Lair:2   | Killed Harold
 15404 | Lair:3   | Noticed a five-headed hydra
 15811 | Lair:2   | Killed a five-headed hydra
 16324 | Lair:3   | Reached skill level 17 in Axes
 17297 | Lair:4   | Noticed an eight-headed hydra
 17304 | Lair:4   | Killed a four-headed hydra
 18469 | Lair:5   | Found a runed translucent gate.
 18469 | Lair:5   | Found a runed translucent gate.
 18469 | Lair:5   | Found a runed translucent gate.
 18604 | Lair:5   | Noticed Fopaha Niyl's ghost (journeyman GrFi)
 18604 | Lair:5   | Noticed Acosmix's ghost (journeyman GrFi)
 18604 | Lair:5   | Noticed Fopaha Niyl's ghost (journeyman GrFi)
 18645 | Lair:5   | Reached skill level 10 in Invocations
 18996 | Lair:5   | Reached XP level 13. HP: 113/123 MP: 20/20
 19727 | Lair:6   | Entered Level 6 of the Lair of Beasts
 19853 | Lair:6   | Reached skill level 18 in Axes
 19946 | Lair:6   | Found a dark tunnel.
 20085 | Lair:6   | Found a gate leading to a gauntlet.
 20097 | Gauntlet | Entered a Gauntlet
 20097 | Gauntlet | Found a transporter.
 20428 | Gauntlet | Found a transporter.
 20439 | Gauntlet | Found a transporter.
 20444 | Gauntlet | Found a transporter.
 20462 | Gauntlet | Found a transporter.
 20478 | Gauntlet | Found a transporter.
 20490 | Gauntlet | Found a transporter.
 20502 | Gauntlet | Found a transporter.
 20513 | Gauntlet | Noticed a great orb of eyes
 20514 | Gauntlet | Found a transporter.
 20520 | Gauntlet | Found a transporter.
 20520 | Gauntlet | Found a transporter.
 20535 | Gauntlet | Found a transporter.
 20554 | Gauntlet | Found a transporter.
 20571 | Gauntlet | Found a transporter.
 20573 | Gauntlet | Found a runed translucent gate.
 20573 | Gauntlet | Found a runed translucent gate.
 20573 | Gauntlet | Found a runed translucent gate.
 20576 | Gauntlet | Found a large runed translucent door.
 20576 | Gauntlet | Found a large runed translucent door.
 20576 | Gauntlet | Found a large runed translucent door.
 20576 | Gauntlet | Found a large runed translucent door.
 20579 | Gauntlet | Found a large runed translucent door.
 20579 | Gauntlet | Found a large runed translucent door.
 20580 | Gauntlet | Found a large runed translucent door.
 20580 | Gauntlet | Found a large runed translucent door.
 20583 | Gauntlet | Found a large runed translucent door.
 20583 | Gauntlet | Found a large runed translucent door.
 20583 | Gauntlet | Found a runed translucent door.
 20583 | Gauntlet | Found a runed translucent door.
 20584 | Gauntlet | Found a large runed translucent door.
 20585 | Gauntlet | Found a large runed translucent door.
 20594 | Gauntlet | Found a large runed translucent door.
 20594 | Gauntlet | Found a large runed translucent door.
 20595 | Gauntlet | Found a large runed translucent door.
 20596 | Gauntlet | Found a large runed translucent door.
 20598 | Gauntlet | Found a transporter.
 20618 | Gauntlet | Found a transporter.
 20714 | Gauntlet | Found a transporter.
 20812 | Gauntlet | Found a transporter.
 20954 | Gauntlet | Identified the Compendium of Entrancing Dark Magic
 21214 | Gauntlet | Got a warped gossamer ring
 21223 | Gauntlet | Identified the ring "Kopiz" {*Tele rElec Str+2 Dex+2} (You
                  | found it in a Gauntlet)
 21295 | Gauntlet | Noticed a minotaur
 21302 | Gauntlet | Killed a minotaur
 21462 | Gauntlet | Got a jewelled leather armour
 21618 | Lair:6   | Identified the +0 leather armour of the Jackalope {rPois
                  | rF+++ Dex-5} (You found it in a Gauntlet)
 21864 | Lair:6   | Found a staircase to the Slime Pits.
 22196 | Lair:6   | Reached skill level 15 in Fighting
 22894 | Lair:6   | Reached ***** piety under Beogh
 23228 | Lair:6   | Found a runed translucent door.
 23228 | Lair:6   | Noticed a fire dragon
 23241 | Lair:6   | Reached skill level 10 in Armour
 23310 | Lair:6   | Reached XP level 14. HP: 119/136 MP: 18/21
 23468 | Lair:6   | HP: 2/137 [tyrant leech (20)]
 24082 | Lair:6   | Upgraded the game from 0.26-a0-52-gd53d4cd058 to
                  | 0.26-a0-489-g112e8ad46e
 24417 | D:11     | Noticed Josephine
 24430 | D:11     | Killed Josephine
 26068 | D:12     | Found a staircase to the Orcish Mines.
 26725 | D:12     | Found a runed translucent gate.
 26725 | D:12     | Found a runed translucent gate.
 26725 | D:12     | Found a runed translucent gate.
 26735 | D:12     | Noticed kelmiir's ghost (journeyman MiMo)
 27090 | D:13     | Upgraded the game from 0.26-a0-489-g112e8ad46e to
                  | 0.27-a0-333-gfa571bf19a
 27090 | D:13     | Upgraded the game from 0.27-a0-333-gfa571bf19a to
                  | 0.27-a0-334-g52645efa06
 27090 | D:13     | Upgraded the game from 0.27-a0-334-g52645efa06 to
                  | 0.27-a0-362-g8331d791d5
 27240 | D:13     | Found a transporter.
 27297 | D:13     | Found a transporter.
 27467 | D:13     | Gained Bogdan as an ally
 27980 | D:13     | Found a gate to the Vaults.
 28010 | D:13     | Noticed Nessos
 28018 | D:13     | Killed Nessos
 28019 | D:13     | Reached skill level 1 in Shields
 28707 | D:6      | Killed MarredHen's ghost
 28708 | D:6      | Paralysed by a kobold brigand for 7 turns
 29212 | D:14     | Reached skill level 5 in Shields
 29382 | D:14     | Found a blossoming altar of Fedhas.
 29493 | D:14     | Found Fiehuzxase's Removed Food Shoppe.
 29834 | D:15     | Entered Level 15 of the Dungeon
 29914 | D:15     | Reached ****** piety under Beogh
 29915 | D:15     | Reached XP level 15. HP: 147/147 MP: 22/22
 29916 | D:15     | Found a staircase to the Depths.
 31441 | Orc:1    | Entered Level 1 of the Orcish Mines
 31445 | Orc:1    | Reached skill level 10 in Shields
 31498 | Orc:1    | Found a flagged portal.
 31508 | Bailey   | Entered a bailey
 31627 | Bailey   | Gained Harm as an ally
 31955 | Orc:1    | Gained Boldo as an ally
 31958 | Orc:1    | Found Ehuulayfap's Magic Scroll Shop.
 31984 | Orc:1    | Noticed Jorgrun
 31994 | Orc:1    | Killed Jorgrun
 32314 | Orc:2    | Entered Level 2 of the Orcish Mines
 32552 | Orc:2    | Found Ukigon's General Store.
 32552 | Orc:2    | Found Afrakh's General Store.
 32571 | Orc:2    | Bought a potion of curing for 48 gold pieces
 32571 | Orc:2    | Bought a potion of haste for 160 gold pieces
 32571 | Orc:2    | Bought a potion of haste for 160 gold pieces
 32571 | Orc:2    | Bought a scroll of magic mapping for 56 gold pieces
 32652 | Orc:2    | Found a roughly hewn altar of Beogh.
 32686 | Orc:2    | Found Rayran's Book Shoppe.
 32697 | Orc:2    | Found Les Vudgh's Book Shop.
 32780 | Orc:2    | Found a staircase to the Elven Halls.
 32934 | Orc:2    | Bought a potion of cancellation for 96 gold pieces
 32934 | Orc:2    | Bought a scroll of fear for 42 gold pieces
 32958 | Orc:2    | Noticed an orc warlord
 33433 | Spider:1 | Entered Level 1 of the Spider Nest
 33474 | Spider:1 | Found a frozen archway.
 33526 | IceCv    | Entered an ice cave
 34220 | IceCv    | Noticed an Ice Fiend
 34240 | IceCv    | Gained Rocco as an ally
 34263 | IceCv    | Killed an Ice Fiend
 34267 | IceCv    | Your ally Rocco died
 34945 | IceCv    | Identified the Disquisition on Cold and Unholy Magic
 34990 | IceCv    | Got a pair of faintly glowing gloves
 35339 | Spider:1 | Gained Spirok as an ally
 35379 | Spider:1 | Your ally Bogdan died
 36276 | Spider:2 | Reached XP level 16. HP: 150/155 MP: 23/23
 36405 | Spider:2 | Your ally Spirok died
 36431 | Spider:2 | Gained Gorm as an ally
 37904 | Spider:3 | Gained Spirok as an ally
 37939 | Spider:3 | Gained Garbold as an ally
 37953 | Spider:3 | Your ally Garbold died
 37957 | Spider:3 | Gained Bogward as an ally
 38190 | Spider:3 | Identified the +4 pair of gloves of Dull Satisfaction {+Fly
                  | Stlth+} (You found it in an ice cave)
 38196 | Spider:3 | Got a pair of dazzling boots
 38461 | Spider:4 | Entered Level 4 of the Spider Nest
 38464 | Spider:4 | Noticed Arachne
 38473 | Spider:4 | Your ally Bogward died
 38479 | Spider:4 | Reached skill level 15 in Shields
 38479 | Spider:4 | Your ally Boldo died
 38481 | Spider:4 | Killed Arachne
 39430 | Spider:4 | Your ally Spirok died
 39587 | Spider:4 | Reached XP level 17. HP: 141/166 MP: 21/26
 39599 | Spider:4 | Your ally Gorm died
 40799 | Spider:4 | Your ally Harm died
 41071 | Spider:4 | Got a gossamer rune of Zot
 41088 | Spider:4 | Identified the +1 pair of boots of the Snail {MP+9} (You
                  | found it on level 3 of the Spider Nest)
 41105 | Spider:4 | Identified 2 scrolls of acquirement
 41105 | Spider:4 | Acquired a manual of Axes
 41107 | Spider:4 | Acquired 507 gold pieces
 41283 | Shoals:1 | Entered Level 1 of the Shoals
 41652 | Shoals:1 | Noticed Aizul
 41653 | Shoals:1 | Noticed Donald
 41660 | Shoals:1 | Killed Aizul
 41661 | Shoals:1 | Killed Donald
 41747 | Shoals:1 | You fall into a shaft and drop 1 floor!
 41864 | Shoals:2 | Noticed Roxanne
 41918 | Shoals:2 | Killed Roxanne
 42052 | Shoals:2 | Reached skill level 19 in Axes
 42766 | Shoals:2 | Identified Xidiofuu's Tome of Supportive Envenoming
 43075 | Shoals:3 | Reached skill level 20 in Axes
 44262 | Shoals:3 | Found a runed translucent door.
 44263 | Shoals:3 | Noticed ReteAZ's ghost (adept HuIE)
 44283 | Shoals:3 | Killed ReteAZ's ghost
 44388 | Shoals:4 | Entered Level 4 of the Shoals
 44390 | Shoals:4 | Noticed Polyphemus
 44464 | Shoals:4 | Reached XP level 18. HP: 108/178 MP: 27/29
 44804 | Shoals:4 | Got a barnacled rune of Zot
 44852 | Shoals:4 | Reached skill level 21 in Axes
 44858 | Shoals:4 | Got a bloodstained halberd
 44865 | Shoals:4 | Reached skill level 15 in Invocations
 44869 | Shoals:4 | Your ally Spirok died
 45259 | Vaults:1 | Entered Level 1 of the Vaults
 45532 | Vaults:1 | Reached skill level 22 in Axes
 45734 | Vaults:1 | Identified the +7 halberd of the Median {freeze, rPois}
                  | (You found it on level 4 of the Shoals)
 46957 | Vaults:2 | Reached skill level 23 in Axes
 48317 | Vaults:2 | Acquired the amulet "Fiary" {Reflect rElec Int-2 Dex+6
                  | SH+5}
 49112 | Depths:1 | Entered Level 1 of the Depths
 49155 | Depths:1 | Reached XP level 19. HP: 187/187 MP: 30/30
 49202 | Depths:1 | Found a gateway to Hell.
 49202 | Depths:1 | Paralysed by an ogre mage for 3 turns
 50201 | Depths:1 | Found a one-way gate leading to the halls of Pandemonium.
 50856 | Depths:2 | Your ally Spirok died
 51230 | Depths:2 | You fall into a shaft and drop 1 floor!
 51450 | Depths:3 | Noticed a caustic shrike
 51457 | Depths:3 | Killed a caustic shrike
 51586 | Depths:3 | Noticed a juggernaut
 51595 | Depths:3 | Noticed a caustic shrike
 51596 | Depths:3 | Killed a juggernaut
 51603 | Depths:3 | Killed a caustic shrike
 52192 | Depths:3 | Reached XP level 20. HP: 29/195 MP: 31/31
 52912 | D:12     | Killed kelmiir's ghost
 52933 | D:12     | Identified a +0 pair of boots of running (You found it on
                  | level 12 of the Dungeon)
 54530 | Depths:2 | Noticed a caustic shrike
 54531 | Depths:2 | Noticed a caustic shrike
 54531 | Depths:2 | Noticed a golden dragon
 54531 | Depths:2 | Noticed a golden dragon
 54615 | Depths:2 | Found a one-way gate to the infinite horrors of the Abyss.
 55045 | Depths:2 | Paralysed by a floating eye for 2 turns
 55165 | Depths:2 | Noticed a caustic shrike
 55171 | Depths:2 | Killed a caustic shrike
 55397 | Depths:2 | Identified the Guide on Creative Cold
 55401 | Depths:2 | Got a faintly glowing brass ring
 55518 | Depths:2 | Identified the ring of Xiehama {Fire *Corrode *Drain Int+4
                  | Dex+2} (You found it on level 2 of the Depths)
 56135 | Lair:5   | Killed Fopaha Niyl's ghost
 56139 | Lair:5   | Killed Acosmix's ghost
 56140 | Lair:5   | Killed Fopaha Niyl's ghost
 57101 | Depths:4 | Found a gateway to a ziggurat.
 57146 | Depths:4 | Noticed a golden dragon
 57158 | Depths:4 | Killed a golden dragon
 57166 | Depths:4 | Reached skill level 15 in Armour
 57211 | Depths:4 | Reached XP level 21. HP: 163/202 MP: 32/32
 57213 | Depths:4 | Noticed Saint Roka
 57578 | Depths:4 | Noticed a golden dragon
 57652 | Depths:4 | Found a transporter.
 58181 | Depths:5 | Entered Level 5 of the Depths
 58300 | Depths:5 | Noticed a golden dragon
 58312 | Depths:5 | Killed a golden dragon
 59077 | Depths:5 | Found a gate to the Realm of Zot.
 59147 | Depths:5 | Found Zafoefie's Jewellery Shop.
 59498 | Depths:5 | Noticed Louise
 59509 | Depths:5 | Killed Louise
 60561 | Vaults:3 | Your ally died
 60564 | Vaults:3 | Gained Wardok as an ally
 60565 | Vaults:3 | Your ally Wardok died
 60811 | Vaults:3 | Found Voreddus's Jewellery Shop.
 60819 | Vaults:3 | Bought a +6 ring of strength for 994 gold pieces
 60867 | Vaults:3 | Found a staircase to the Crypt.
 60897 | Vaults:3 | Found Cibestyz's Jewellery Shoppe.
 60980 | Vaults:3 | Found Cuosapp's Weapon Emporium.
 61395 | Vaults:3 | Found Suipruod's General Store.
 61403 | Vaults:3 | Bought a potion of heal wounds for 55 gold pieces
 61675 | Vaults:3 | Noticed Sojobo
 61677 | Vaults:3 | Noticed Asterion
 61678 | Vaults:3 | Noticed Rupert
 61685 | Vaults:3 | Your ally Spirok died
 61685 | Vaults:3 | Gained Agrik as an ally
 61687 | Vaults:3 | Killed Sojobo
 61688 | Vaults:3 | Reached XP level 22. HP: 166/211 MP: 33/33
 61689 | Vaults:3 | Your ally Agrik died
 61691 | Vaults:3 | Killed Asterion
 61692 | Vaults:3 | Killed Rupert
 62124 | Elf:1    | Entered Level 1 of the Elven Halls
 62694 | Vaults:4 | Paralysed by a great orb of eyes for 3 turns
 63345 | Elf:1    | Identified the Disquisition on Conjuration
 63372 | Elf:1    | Found a huge runed gate.
 63372 | Elf:1    | Found a huge runed gate.
 63372 | Elf:1    | Found a huge runed gate.
 63372 | Elf:1    | Found a huge runed gate.
 63372 | Elf:1    | Found a huge runed gate.
 63372 | Elf:1    | Found a huge runed gate.
 63372 | Elf:1    | Found a huge runed gate.
 63372 | Elf:1    | Found a huge runed gate.
 63372 | Elf:1    | Found a huge runed gate.
 63372 | Elf:1    | Found a huge runed gate.
 63385 | Elf:1    | Found a huge runed gate.
 63385 | Elf:1    | Found a huge runed gate.
 63386 | Elf:1    | Found a huge runed gate.
 63387 | Elf:1    | Found a huge runed gate.
 63387 | Elf:1    | Found a huge runed gate.
 63434 | Elf:1    | Found a huge runed gate.
 63434 | Elf:1    | Found a huge runed gate.
 63439 | Elf:1    | Found a huge runed gate.
 63557 | Elf:1    | Found a huge runed gate.
 63558 | Elf:1    | Found a huge runed gate.
 63688 | Elf:1    | Found a huge runed gate.
 63688 | Elf:1    | Found a huge runed gate.
 63688 | Elf:1    | Found a huge runed gate.
 63689 | Elf:1    | Found a huge runed gate.
 63690 | Elf:1    | Found a huge runed gate.
 63691 | Elf:1    | Found a huge runed gate.
 63691 | Elf:1    | Found a huge runed gate.
 64332 | Elf:2    | Found a runed translucent door.
 64359 | Elf:2    | Found a runed translucent door.
 64561 | Elf:2    | Found Uliyhonk's Armour Shoppe.
 64834 | Elf:2    | Noticed Agnes
 64839 | Elf:2    | Killed Agnes
 64841 | Elf:2    | Reached skill level 10 in Dodging
 65322 | Elf:3    | Entered Level 3 of the Elven Halls
 65451 | Elf:3    | Reached XP level 23. HP: 207/217 MP: 34/34
 65770 | Elf:3    | Found Hafujoj's Book Emporium.
 66134 | Elf:3    | Identified the +1 plate armour "Cosimu Neba" {*Drain Regen+
                  | MP+9 Int+7}
 66139 | Elf:3    | Identified the +3 long sword "Peisip" {vorpal, Stlth+}
 66143 | Elf:3    | Identified the amulet of Girhy {RegenMP +Inv}
 66143 | Elf:3    | Cast into level 3 of the Abyss (a deep elf demonologist)
 66350 | Elf:3    | Escaped the Abyss
 66357 | Elf:3    | Identified the +8 lajatang of Impermanence {venom, *Drain
                  | rElec rF++ Int+3}
 66784 | Elf:3    | Found the +9 staff of Olgreb {rPois∞}
 66804 | Elf:3    | Cast into level 2 of the Abyss (a deep elf sorcerer)
 67007 | Elf:3    | Escaped the Abyss
 67045 | Elf:3    | Identified the Collected Works on Frigorific Translocation
 68191 | Vaults:4 | Paralysed by an ogre mage for 7 turns
 68499 | Vaults:4 | Gained Milork as an ally
 68499 | Vaults:4 | Your ally Milork died
 69138 | Vaults:5 | Entered Level 5 of the Vaults
 70954 | Slime:1  | Entered Level 1 of the Pits of Slime
 71039 | Slime:1  | Reached skill level 1 in Translocations
 71092 | Slime:1  | Gained mutation: You are frail. (-10% HP) [a shining eye]
 71128 | Slime:1  | Reached XP level 24. HP: 200/203 MP: 34/34
 71604 | Slime:3  | Gained mutation: Scrolls take you a little longer to read.
                  | [a shining eye]
 71993 | Slime:3  | Found a viscous altar of Jiyva.
 72009 | Slime:3  | Gained Bogwald as an ally
 72033 | Slime:4  | Your ally Bogwald died
 72067 | Slime:4  | Reached skill level 5 in Translocations
 72086 | Slime:5  | Entered Level 5 of the Pits of Slime
 72318 | Slime:5  | Found a viscous altar of Jiyva.
 72319 | Slime:5  | Noticed the Royal Jelly
 72329 | Slime:5  | Killed the Royal Jelly
 72330 | Slime:5  | Reached skill level 5 in Stealth
 72797 | Slime:5  | Got a slimy rune of Zot
 72799 | Slime:5  | Got a sparkling bronze ring
 72850 | Slime:5  | Got a pair of bloodstained boots
 72853 | Slime:5  | Identified the +0 pair of boots of the Fife {*Drain rC+
                  | Will++} (You found it on level 5 of the Pits of Slime)
 72866 | Slime:5  | Got a polished triple sword
 72906 | Slime:5  | Got a fading plate armour
 72909 | Slime:5  | Identified the +0 plate armour "Wafuv" {rElec} (You found
                  | it on level 5 of the Pits of Slime)
 72911 | Slime:5  | Identified the +2 triple sword of Inquiry {vorpal, Int+4}
                  | (You found it on level 5 of the Pits of Slime)
 72944 | Slime:5  | Identified the ring "Keihuxaj" {rElec rPois Int+6 Dex+4}
                  | (You found it on level 5 of the Pits of Slime)
 73530 | D:13     | Reached skill level 1 in Evocations
 74018 | Depths:4 | Got a pair of steaming boots
 74021 | Depths:4 | Got an ancient granite ring
 74031 | Depths:4 | Found a transporter.
 74053 | Depths:4 | Identified the +0 pair of boots of Failure {Harm Int+3}
                  | (You found it on level 4 of the Depths)
 74055 | Depths:4 | Identified the ring "Xaraph" {Ice Dex+4 SInv} (You found it
                  | on level 4 of the Depths)
 75833 | Depths:2 | Voluntarily entered the Abyss.
 75930 | Abyss:1  | Found a sparkling altar of Nemelex Xobeh.
 76014 | Abyss:1  | Found a sparkling altar of Nemelex Xobeh.
 76137 | Abyss:1  | Gained mutation: You are very frail. (-20% HP) [a neqoxec]
 76138 | Abyss:1  | Gained mutation: Your body sometimes deteriorates upon
                  | taking damage. [a neqoxec]
 76284 | Abyss:1  | Reached XP level 25. HP: 178/188 MP: 34/34
 76295 | Abyss:1  | Gained Morun as an ally
 76313 | Abyss:1  | Your ally Morun died
 76349 | Abyss:1  | Gained Oreg as an ally
 76377 | Abyss:1  | Learned a level 1 spell: Apportation
 76510 | Abyss:1  | Found a runed translucent door.
 76533 | Abyss:1  | Paralysed by accursed screaming for 1 turns
 76538 | Abyss:1  | Paralysed by accursed screaming for 2 turns
 76543 | Abyss:1  | Reached skill level 24 in Axes
 76743 | Abyss:1  | Found a roughly hewn altar of Beogh.
 76869 | Abyss:1  | Found a roughly hewn altar of Beogh.
 76929 | Abyss:1  | Identified the Grimoire of Unstable Evil
 77224 | Abyss:1  | Paralysed by accursed screaming for 1 turns
 77256 | Abyss:1  | Gained Olfik as an ally
 77267 | Abyss:1  | Your ally Olfik died
 77300 | Abyss:2  | Found a corrupted altar of Lugonu.
 77405 | Abyss:2  | Lost mutation: You are very frail. (-20% HP) [potion of
                  | mutation]
 77405 | Abyss:2  | Lost mutation: Your body sometimes deteriorates upon taking
                  | damage. [potion of mutation]
 77405 | Abyss:2  | Lost mutation: You are frail. (-10% HP) [potion of
                  | mutation]
 77405 | Abyss:2  | Gained mutation: Your magical capacity is low. (-10% MP)
                  | [potion of mutation]
 77405 | Abyss:2  | Gained mutation: You have a pair of small antennae on your
                  | head. [potion of mutation]
 77509 | Abyss:3  | Reached skill level 10 in Translocations
 77665 | Abyss:3  | Gained mutation: You are somewhat resistant to further
                  | mutation. [a neqoxec]
 77695 | Depths:2 | Escaped the Abyss
 78019 | Vaults:4 | Upgraded the game from 0.27-a0-362-g8331d791d5 to
                  | 0.27-a0-379-g34d631faf5
 78021 | Vaults:4 | Lost mutation: Your magical capacity is low. (-10% MP)
                  | [potion of mutation]
 78022 | Vaults:4 | Lost mutation: Scrolls take you a little longer to read.
                  | [potion of mutation]
 78022 | Vaults:4 | Lost mutation: You have a pair of small antennae on your
                  | head. [potion of mutation]
 78022 | Vaults:4 | Gained mutation: You are partially covered in thin metallic
                  | scales. (AC +2) [potion of mutation]
 79427 | Vaults:5 | Noticed an ancient lich
 79754 | Vaults:4 | Killed an ancient lich
 80038 | Vaults:5 | Reached XP level 26. HP: 240/246 MP: 34/34
 80137 | Vaults:5 | Noticed a dread lich
 80146 | Vaults:5 | Killed a dread lich
 80352 | Vaults:5 | Identified the +1 dire flail "Ozewn" {vorpal, rC+ Int+2}
 80381 | Vaults:5 | Reached skill level 25 in Axes
 80585 | Vaults:5 | Identified the +6 scale mail "Ydirut" {rF+ rC++}
 80890 | Vaults:5 | Identified the ring "Syzo Qer" {+Fly rPois Slay+2}
 81238 | Vaults:5 | Got a smoking silver amulet
 81287 | Vaults:5 | Identified the amulet "Aniuh" {Acrobat Dex+5} (You found it
                  | on level 5 of the Vaults)
 81304 | Vaults:5 | Got a silver rune of Zot
 81325 | Vaults:5 | Identified the +10 arbalest of the Revolution {vorpal,
                  | Fragile rN++ Will+ Int+2}
 82704 | Zot:1    | Entered Level 1 of the Realm of Zot
 83498 | Zot:2    | Noticed an orb of fire
 83505 | Zot:2    | Killed an orb of fire
 84036 | Zot:3    | Gained Hawl as an ally
 84235 | Zot:3    | Reached XP level 27. HP: 237/256 MP: 23/34
 84547 | Zot:5    | Entered Level 5 of the Realm of Zot
 84547 | Zot:5    | Found the ring of the Mage {Wiz Will++ Int+3}
 85378 | Zot:5    | Your ally Hawl died
 85456 | Zot:5    | Your ally Agrik died
 85463 | Zot:5    | Noticed an orb of fire
 85463 | Zot:5    | Noticed an ancient lich
 85472 | Zot:5    | Killed an ancient lich
 85473 | Zot:5    | Noticed an orb of fire
 85473 | Zot:5    | Noticed an orb of fire
 85474 | Zot:5    | Gained mutation: Scrolls take you a little longer to read.
                  | [an orb of fire]
 85482 | Zot:5    | Your ally Harm died
 85484 | Zot:5    | Killed an orb of fire
 85492 | Zot:5    | Your ally Orbeogh died
 85520 | Zot:5    | Noticed an orb of fire
 85532 | Zot:5    | Noticed an orb of fire
 85533 | Zot:5    | Noticed an orb of fire
 85535 | Zot:5    | Killed an orb of fire
 85541 | Zot:5    | Noticed an orb of fire
 85542 | Zot:5    | Noticed an ancient lich
 85922 | Zot:5    | Killed an ancient lich
 86123 | Zot:5    | Killed an orb of fire
 86953 | Zot:5    | Killed an orb of fire
 87256 | Zot:5    | Gained mutation: Your body sometimes deteriorates upon
                  | taking damage. [an orb of fire]
 87260 | Zot:5    | Gained mutation: Armour fits poorly on your strangely
                  | shaped body. [an orb of fire]
 87275 | Zot:5    | Killed an orb of fire
 87393 | Zot:5    | Killed an orb of fire
 87919 | Zot:5    | Killed an orb of fire
 88698 | Zot:5    | Noticed an ancient lich
 88706 | Zot:5    | Killed an ancient lich
 88773 | Zot:5    | Reached skill level 26 in Axes
 88953 | Zot:5    | Got the Orb of Zot
 89084 | Zot:4    | Noticed Lib Ahut the pandemonium lord
 89308 | Zot:2    | Noticed Goel the pandemonium lord
 89625 | Depths:3 | Noticed a seraph
 89659 | Depths:1 | Noticed Huixyf the pandemonium lord
 89973 | D:10     | Noticed Keeda the pandemonium lord
 89973 | D:10     | Lost mutation: Scrolls take you a little longer to read.
                  | [potion of mutation]
 89973 | D:10     | Lost mutation: Your body sometimes deteriorates upon taking
                  | damage. [potion of mutation]
 89973 | D:10     | Lost mutation: You are somewhat resistant to further
                  | mutation. [potion of mutation]
 89973 | D:10     | Gained mutation: You possess an exceptional clarity of
                  | mind. [potion of mutation]
 89973 | D:10     | Gained mutation: You have a pair of small antennae on your
                  | head. [potion of mutation]
 89973 | D:10     | Gained mutation: You have sharp toenails. [potion of
                  | mutation]
 89986 | D:10     | HP: 13/260 [Brimstone Fiend/damnation[Keeda] (26)]
 90367 | D:1      | Noticed Gotiq the pandemonium lord
 90375 | D:1      | HP: 6/260 [Gotiq the pandemonium lord (30)]
 90376 | D:1      | Killed from afar by a soul eater

Illustrated notes

Levels and vault maps discovered:
D:1:      minmay_arrival_checkered_box, layout_basic
D:2:      layout_loops_ring, bloody_trog, first_ration
D:3:      layout_basic, marbit_many_paths, nicolae_overflow_hidden_temple,
          lemuel_coloured_pillars_altar, minmay_misc_feat_chi,
          minmay_ogre_servants, uniq_robin
D:4:      layout_basic, lemuel_crystal_altar, elyvilon_altar_4, st_stairs_10,
          uniq_pikel, uniq_sigmund
D:5:      layout_gridville
D:6:      layout_basic, grunt_qazlal_sundering, temple_green,
          gammafunk_ghost_nasty_kobolds, uniq_maggie
D:7:      cheibrodos_fertilizer, layout_loops_ring, dancing_weapons_uskayaw,
          the_bakery
D:8:      layout_basic, kennysheep_little_box, erik_lair_dragon
D:9:      layout_loops_ring, xom_teletrap_fun,
          nemelex_xobeh_ov_fountains_minmay, old_standard_altar, feat_on_display
D:10:     layout_layer_cave, nicolae_trove_entry_crossroad, minmay_lizard_king,
          uniq_gastronok
D:11:     layout_cross, minmay_misc_feat_plants, uniq_josephine
D:12:     layout_irregular_city, minmay_orc_entry_guard_dogs,
          gammafunk_ghost_necromancy, corexii_checkpoint_a
D:13:     gammafunk_dig_for_victory, layout_irregular_city, erik_vaults_2,
          uniq_nessos
D:14:     layout_gridville, hangedman_decor_riveting, serial_shops, shop,
          fedhas_altar_3
D:15:     gammafunk_depths_entry_grave, layout_basic, nrook_uturn
Lair:1:   layout_misc_corridors, minmay_lair_oklob_chamber,
          infiniplex_staircase_pool, lemuel_fruit_fields, uniq_nergalle
Lair:2:   layout_loops_ring, shoals_dummy_entry, spider_nest_entry_webs,
          lemuel_fruit_tree, grunt_megastairs_5, uniq_harold
Lair:3:   layout_regular_city
Lair:4:   layout_layer_cave
Lair:5:   layout_regular_city, gammafunk_ghost_cemetery,
          chequers_serial_rivers_micro_b, infiniplex_staircase_pool_2
Lair:6:   wormcave, layout_loops_ring, hangedman_lair_in_review, slime_dummy,
          enter_volcano_1, gauntlet_entry_generic
Shoals:1: cheibrodos_shoals_baths, layout_shoals, uniq_donald, uniq_aizul
Shoals:2: layout_shoals, nicolae_shoals_water_shrine, uniq_roxanne
Shoals:3: layout_shoals, ebering_ghost_inner_flame
Shoals:4: shoals_end_grunt_garden, layout_shoals, uniq_polyphemus
Spider:1: layout_spider_delve, portal_ice_cave_entry_pillars_three
Spider:2: layout_chambers
Spider:3: layout_spider_delve, zaba_antful_of_joy,
          hangedman_spider_tarantella_strand
Spider:4: floodkiller_spider_rune_tomb, nicolae_spider_circle_web, uniq_arachne
Slime:1:  cheibrodos_slime_lost_civilization_1, layout_caves,
          cheibrodos_slime_lost_civilization_4
Slime:2:  layout_caves
Slime:3:  layout_caves, basic_altar
Slime:4:  layout_caves
Slime:5
Orc:1:    layout_caves, enter_bailey_4, serial_shops, nicolae_shop_trees,
          uniq_jorgrun
Orc:2:    st_orc_town, layout_caves
Elf:1:    eino_elf_arrival_the_gate, layout_gridlike, minmay_elf_annihilation,
          grunt_ministairs_7, minivault_24, not_door_vault_due,
          grunt_megastairs_1, uniq_asterion
Elf:2:    layout_geoelf_octagon, serial_shops, nicolae_shop_statue_plus,
          minmay_misc_feat_rows, lemuel_elevator, uniq_agnes
Elf:3:    elf_hall_gauntlet_wide, layout_loops_ring, serial_shops, shop,
          corexii_hall_statues_i
Vaults:1: vaults_room_door_hall, hangedman_vaults_pinch, v_pattern_5,
          hangedman_vaults_stream, ontoclasm_vaults_claustrophobia,
          hangedman_vaults_restitches, nicolae_vaults_alarming,
          vaults_room_semicircle, nicolae_vaults_asterisk, vaults_room_pools,
          nicolae_vaults_angled_halls, layout_vaults_big_room
Vaults:2: v_alt_pattern_2, vaults_dpeg_ring, nicolae_vaults_little_squares_3,
          nicolae_vaults_little_squares_4, ontoclasm_vaults_loading_screen,
          vaults_room_fours, vaults_room_fours, layout_vaults_quadrants,
          uniq_margery
Vaults:3: dpeg_vaults_monster_box, hangedman_vaults_locks,
          nicolae_vaults_ninety_degrees, minmay_crypt_entry_simple_sparse,
          nicolae_vaults_asterisk, sword_in_stone, hangedman_vaults_trim,
          nicolae_vaults_little_squares_6, v_pattern_2,
          hangedman_vaults_capsules, ontoclasm_vaults_fault, vaults_dpeg_doors,
          v_misc_22, nicolae_vaults_little_squares_6, layout_vaults_ring,
          serial_shops, shop, nicolae_shop_behind_doors,
          nicolae_shop_waterfront, nicolae_shop_stone
Vaults:4: v_misc_30, vaults_standard_mumra_x, grunt_vaults_funnel,
          nicolae_vaults_branching_niches, vaults_mumra_chevron_long, v_misc_23,
          grunt_vaults_focal, v_misc_19, nicolae_vaults_yaktaur_gun_rack,
          vaults_mumra_minichess, nicolae_vaults_big_angled_halls,
          ontoclasm_vaults_shuriken, vaults_room_corners,
          layout_vaults_omnicross
Vaults:5: serial_shops
Depths:1: layout_gridville, grunt_pan_entry_zigzag,
          chequers_serial_rivers_micro_a, hell_entry,
          serial_sigils_hangedman_shear, minmay_stone_trees_small, st_stairs_13,
          lemuel_flames_and_gold
Depths:2: minmay_the_grid_triangle_9x9_line_8_mashed
          [minmay_the_grid_triangle_9x9_alien,
          minmay_the_grid_triangle_9x9_semitri,
          minmay_the_grid_triangle_9x9_swiss_cheese,
          minmay_the_grid_triangle_9x9_corruption,
          minmay_the_grid_triangle_9x9_zippers_horizontal,
          minmay_the_grid_triangle_9x9_dagger,
          minmay_the_grid_triangle_9x9_skeleton,
          minmay_the_grid_triangle_9x9_prize_top_heavy], layout_honeycomb,
          grunt_metal_band, abyss_entry, serial_bayou_shore_a,
          grunt_ministairs_14, serial_bayou_pond_a, minivault_12,
          infiniplex_staircase_split_hallway
Depths:3: hangedman_cross_cluster, layout_cave_pools, minmay_fountain_box,
          hell_entry, pan_entry, minmay_statues_item
Depths:4: gammafunk_the_bubble [the_bubble_gammafunk_plus_minus],
          layout_cave_pools, enter_ziggurat_f, hellmouth_1,
          chequers_serial_rivers_micro_a, abyss_entry_crystal, uniq_saint_roka
Depths:5: evilmike_zot_entry_hall, layout_honeycomb, solitary_fountain,
          pf_vacation_house_of_asmodeus, nicolae_abyss_entry_one_way_or_another,
          minmay_shop_enchanted_jewellery, nrook_mini_backslash,
          grunt_decor_mini_mirrors, grunt_ministairs_14
Zot:1:    layout_misc_corridors
Zot:2:    layout_cathedral_of_symmetry, grunt_ministairs_2
Zot:3:    layout_misc_corridors
Zot:4:    layout_basic
Zot:5:    layout_onion

Skill      XL: |  1  2  3  4  5  6  7  8  9 10 11 12 13 14 15 16 17 18 19 20 21 22 23 24 25 26 27 |
---------------+----------------------------------------------------------------------------------+-----
Fighting       | 4 5 6 7 8 9 10 12 13 15 17 18 19 20 21 22 23 | 23.7
Axes           | 5 6 7 8 11 13 14 16 17 18 20 23 24 25 26 | 26.5
Armour         | 2 4 5 6 10 11 13 15 16 18 20 | 20.9
Invocations    | 4 6 8 10 12 14 15 23 | 23.9
Dodging        | 3 4 5 6 8 10 12 14 | 14.0
Shields        | 6 13 15 17 19 21 23 25 | 25.0
Translocations | 1 9 10 | 10.0
Stealth        | 2 5 |  5.0
Evocations     | 3 |  3.7

Action                   |  1- 3 |  4- 6 |  7- 9 | 10-12 | 13-15 | 16-18 | 19-21 | 22-24 | 25-27 || total
-------------------------+-------+-------+-------+-------+-------+-------+-------+-------+-------++-------
Melee: Hand axe          |    88 |   155 |    44 |       |       |       |       |       |       ||   287
       Dagger            |       |    82 |   182 |       |       |       |       |       |       ||   264
       Whip              |       |       |    45 |       |       |       |       |       |       ||    45
       Broad axe         |       |       |    58 |   406 |   845 |   800 |   705 |   907 |  1295 ||  5016
       Spear             |       |       |       |    30 |       |       |       |       |       ||    30
Throw: Stone             |     6 |     9 |       |       |       |       |       |       |       ||    15
       Javelin           |       |    24 |    20 |     4 |     3 |       |       |       |       ||    51
       Boomerang         |       |    15 |     5 |       |       |       |       |       |       ||    20
       Dart              |       |       |     5 |       |       |       |       |       |       ||     5
 Cast: Blink             |       |       |       |       |       |       |       |       |     2 ||     2
Invok: Convert to Beogh  |       |       |     1 |       |       |       |       |       |       ||     1
       Smiting           |       |       |       |     5 |     3 |     8 |    11 |    16 |    28 ||    71
       Recall Orcish Fol |       |       |       |     5 |    14 |    34 |    19 |    13 |    18 ||   103
       Give Item to Name |       |       |       |       |     4 |     2 |     1 |     1 |     1 ||     9
       Resurrection      |       |       |       |       |       |     3 |     1 |     1 |       ||     5
Evoke: Wand              |       |       |       |       |     1 |       |       |       |     5 ||     6
  Use: Potion            |     1 |       |       |       |     4 |     2 |     5 |     1 |    19 ||    32
       Scroll            |       |       |     5 |     7 |    21 |    19 |     7 |     7 |    16 ||    82
 Stab: Sleeping          |       |     4 |     4 |     1 |       |       |       |       |       ||     9
       Distracted        |       |       |       |     4 |     4 |     7 |    14 |    12 |    19 ||    60
       Paralysed         |       |       |       |       |       |     2 |       |       |       ||     2
       Confused          |       |       |       |       |       |     1 |       |       |     2 ||     3
  Eat: Removed food      |       |    10 |     6 |    15 |     8 |       |       |       |       ||    39
       Removed food      |       |       |     3 |     5 |     2 |       |       |       |       ||    10
Armor: Robe              |    12 |       |       |       |       |       |       |       |       ||    12
       Leather armour    |     7 |    41 |       |       |       |       |       |       |       ||    48
       Ring mail         |       |     8 |    92 |       |       |       |       |       |       ||   100
       Steam dragon scal |       |       |    39 |    35 |       |       |       |       |       ||    74
       Chain mail        |       |       |       |   124 |       |       |       |       |       ||   124
       Plate armour      |       |       |       |    94 |   481 |   438 |   184 |   170 |       ||  1367
       Gold dragon scale |       |       |       |       |       |       |       |    14 |   345 ||   359
Dodge: Dodged            |    79 |   147 |   149 |   192 |   317 |   301 |   118 |   180 |   363 ||  1846
       Repelled          |       |       |       |       |       |     7 |       |       |       ||     7
Block: Kite shield       |       |       |       |       |   250 |   598 |       |       |       ||   848
       Reflection        |       |       |       |       |       |    38 |    57 |    80 |    44 ||   219
       Tower shield      |       |       |       |       |       |    10 |   824 |   907 |  1541 ||  3282

Table legend: (Time is in decaauts)
 A = Elapsed time spent in this place.
 B = Non-inter-level travel time spent in this place.
 C = Inter-level travel time spent in this place.
 D = Time resting spent in this place.
 E = Time spent auto-exploring this place.
 F = Levels seen in this place.
 G = Mean time per level.
                   A        B        C        D        E       F      G
               +--------+--------+--------+--------+--------+-----+--------+
         Total |  90265 |  76287 |  13978 |  20981 |  37955 |  63 | 1432.8 |
       Dungeon |  26014 |  19495 |   6519 |   3840 |  11841 |  15 | 1734.3 |
          Lair |  10700 |   8958 |   1742 |    843 |   6946 |   6 | 1783.3 |
        Shoals |   4515 |   4025 |    490 |   1185 |   2049 |   4 | 1128.8 |
   Spider Nest |   5956 |   5183 |    773 |    723 |   3282 |   4 | 1489.0 |
    Slime Pits |   2142 |   2005 |    137 |   1054 |    116 |   5 |  428.4 |
  Orcish Mines |   1893 |   1371 |    522 |      0 |    952 |   2 |  946.5 |
   Elven Halls |   4696 |   3950 |    746 |    786 |   2215 |   3 | 1565.3 |
        Vaults |  11809 |  10249 |   1560 |   3375 |   4966 |   5 | 2361.8 |
        Depths |  10477 |   9044 |   1433 |   3540 |   3619 |   5 | 2095.4 |
           Zot |   6468 |   6414 |     54 |   3585 |    779 |   5 | 1293.6 |
         Abyss |   2139 |   2139 |      0 |    775 |     41 |   6 |  356.5 |
        Bailey |    419 |    419 |      0 |      0 |    292 |   1 |  419.0 |
      Ice Cave |   1532 |   1532 |      0 |    753 |    251 |   1 | 1532.0 |
      Gauntlet |   1498 |   1498 |      0 |    521 |    601 |   1 | 1498.0 |
               +--------+--------+--------+--------+--------+-----+--------+

Top non-repeatable levels by time:
Vaults:4: 3602 daAuts
   Zot:5: 2705 daAuts
Depths:1: 2685 daAuts
Vaults:2: 2392 daAuts
    D:13: 2384 daAuts
Depths:3: 2242 daAuts
Spider:4: 2202 daAuts
Shoals:2: 2173 daAuts
Depths:2: 2111 daAuts
Vaults:5: 2065 daAuts
    D:15: 1965 daAuts
    D:12: 1915 daAuts
Vaults:1: 1901 daAuts
Vaults:3: 1847 daAuts
Depths:5: 1817 daAuts
Note: time per level data comes from an upgraded game and may be incomplete.
